FSDAJDSF, neutral female scurrid Tourist . .. .. .. .. ... --------------------------------... ...........[......} .............@..C.C.C.............. -......}}}}......sV}}W}..}}}}..}}}}..}}}}.ssss.................. |......+}}}}}}. }}}}..}}}}..}}}.Cs.................. -...........}}}}}}......C..s..^..........s}}}..}}}}..}}}..}}}... |.................W...............s.........}}}}..}}}..}}}}.}}}} -------.(....................C................s....................... .......................@...............!........@...................^....... -------... -------............s.........[...................*.......... | |..................................................... |........!............................................ |.........................(........................... -..................................................... FSDAJDSF the Rambler Experience level: 2 Strength: 15 Dexterity: 10 Constitution: 12 Intelligence: 11 Wisdom: 9 Charisma: 18 Health: 0(17) Energy: 8(8) Def: 0 Gold: 242 Moves: 86 Dungeon seed: lUSj1Kf-CQooLU0b Game ID: FSDAJDSF_1498725040 Your Inventory: Coins $ - 242 gold pieces Weapons a - 51 blessed +2 darts (in quiver) Armor e - an uncursed +0 Hawaiian shirt (being worn) Comestibles b - an uncursed sprig of wolfsbane c - 2 uncursed tripe rations d - 5 uncursed food rations f - an uncursed lembas wafer g - an uncursed pear h - an uncursed cram ration Scrolls k - 3 uncursed scrolls of magic mapping u - an uncursed scroll of remove curse Potions i - an uncursed potion of extra healing v - a blessed potion of speed Wands n - an uncursed wand of secret door detection (0:10) p - an uncursed wand of striking (0:5) Tools l - an uncursed expensive camera (0:32) m - an uncursed credit card o - an uncursed towel Spells and supernatural/magical abilities: Name Level Category Fail Memory W - pray for help -- divine ? -- Your skills at the end: Miscellaneous Skills wands [Basic] Weapon Skills dart [Basic] Spellcasting Skills Final Attributes: You were devoutly aligned. You had infravision. You were very stealthy. You are dead. Vanquished creatures: a Woodland-elf 3 jackals 4 creatures vanquished. Voluntary challenges: You did not adorn yourself with jewelry or accessories. You did not cause conflict. You were not invisible. You did not have reflection. You were not displaced. You were an atheist. You never hit with a wielded weapon. You did not use containers. You did not apply a unicorn horn. You did not use plumbed fixtures. You read items or engraved 1 time, starting on turn 49. You never genocided any monsters. You never polymorphed an object. You never changed form. You used no wishes. You never split a pudding. You never wrote Elbereth's name. You never violated your personal moral code. Dungeon overview: The Dungeons of Doom: levels 1 to 12 Level 1 a long staircase Level 2 Level 3 Level 4 a long staircase Level 5 Level 6 Level 7 Level 8 Level 9 Level 10 Level 11 Level 12 a fountain portal to The Quest The Quest: Level 1 <- You were here portal to The Dungeons of Doom History has recorded: On T:1 you entered the Dungeons of Doom to retrieve the Amulet of Yendor! On T:4 you reached level 2 of The Dungeons of Doom. On T:7 you reached level 3 of The Dungeons of Doom. On T:9 you reached level 4 of The Dungeons of Doom. On T:11 you reached level 5 of The Dungeons of Doom. On T:13 you reached level 6 of The Dungeons of Doom. On T:35 you reached level 7 of The Dungeons of Doom. On T:39 you reached level 8 of The Dungeons of Doom. On T:41 you reached level 9 of The Dungeons of Doom. On T:43 you reached level 10 of The Dungeons of Doom. On T:46 you reached level 11 of The Dungeons of Doom. On T:48 you reached level 12 of The Dungeons of Doom. On T:61 you advanced to experience level 2. On T:70 you reached level 1 of The Quest. Score breakdown: Gold: 37 ( 3 points) Experience: 2 levels ( 100 points) Exploration: 12 levels ( 330 points) Discoveries: 3 items ( 150 points) Variety of kills: 2 monsters ( 100 points) Major goal: (nothing yet) ( 0 points) Survival: died (score multiplied by 3) Total score: 2049 Latest messages: You hear a distant squeak. The giant spider falls into a pit! You hear a mumbled curse. The forest centaur punches you! The forest centaur kicks! The forest centaur wields a bow! (2x) You hear some noises in the distance. The forest centaur wields a bow! The forest centaur shoots an arrow! You are hit! You feel much better. The forest centaur shoots an arrow! You are hit! The forest centaur shoots an arrow! You are hit! The giant spider bites! The giant spider moves its spinnerets around you. The web sticks you to the floor. The forest centaur puts on an iron skull cap. The giant spider bites! You die... Final status: Aloha FSDAJDSF the Tourist, killed by a giant spider... You died in The Quest on dungeon level 1 with 2049 points, and 242 pieces of gold, after 86 moves. You were level 2 with a maximum of 17 hit points when you died.